 Dungeon Crawl Stone Soup version 0.23-a0-261-g133332c (console) character file.

212 nht the Cutter (level 6, -1/41 HPs)
             Began as a Halfling Monk on Sept 29, 2018.
             Killed from afar by an orc wizard (6 damage)
             ... with a magic dart
             ... on level 5 of the Dungeon.
             The game lasted 00:03:59 (3178 turns).

nht the Cutter (Halfling Monk)                      Turns: 3178, Time: 00:04:00

Health: -1/41      AC:  3    Str: 12 (14) XL:     6   Next: 13%
Magic:  6/6        EV: 16    Int:  9 (11) God:
Gold:   186        SH:  6    Dex: 16 (19) Spells: 5/5 levels left

rFire    . . .     SeeInvis .   a - +0 short sword
rCold    . . .     Gourm    .   f - +0 buckler
rNeg     . . .     Faith    .   b - +0 robe
rPois    .         Spirit   .   (no helmet)
rElec    .         Reflect  .   d - +0 cloak
rCorr    .         Harm     .   (no gloves)
MR       .....                  (no boots)
Stlth    ++........             (no amulet)
HPRegen  0.13/turn              e - +2 ring of dexterity
MPRegen  0.10/turn              m - +3 ring of intelligence

@: no status effects
A: small, mutation resistance 1
a: no special abilities


You were on level 5 of the Dungeon.
You were not hungry.

You visited 1 branch of the dungeon, and saw 5 of its levels.

You collected 186 gold pieces.

Inventory:

Hand Weapons
 a - a +0 short sword (weapon)
Missiles
 k - 20 poisoned needles
 r - 3 tomahawks (quivered)
Armour
 b - a +0 robe (worn)
 d - a +0 cloak (worn)
 f - a +0 buckler (worn)
Jewellery
 e - a +2 ring of dexterity (left hand)
 m - a +3 ring of intelligence (right hand)
 u - an uncursed ring of stealth {unknown}
Wands
 n - a wand of enslavement (1)
Scrolls
 g - a scroll of remove curse {unknown}
 h - a scroll of identify {unknown}
 j - a scroll of enchant armour {unknown}
 l - 4 scrolls of teleportation {unknown}
 o - a scroll of magic mapping {unknown}
 p - a scroll of fear {unknown}
 t - a scroll of random uselessness {unknown}
Potions
 i - 3 potions of degeneration
 q - a potion of curing
Comestibles
 c - 9 rations
 s - 5 chunks of flesh


   Skills:
 - Level 2.6 Fighting
 + Level 6.6 Short Blades
 - Level 3.2 Dodging
 - Level 2.1 Stealth
 + Level 3.1 Shields


You had 5 spell levels left.
You didn't know any spells.
Your spell library was empty.

Dungeon Overview and Level Annotations

Branches:
Dungeon (5/15)
 Temple: D:4-7

Altars:
Cheibriados
Elyvilon
Fedhas


Innate Abilities, Weirdness & Mutations

You are small and have problems with some larger weapons.
You are somewhat resistant to further mutation.


Message History

* * * LOW HITPOINT WARNING * * *
You feel better. The orc closely misses you. The orc hits you with a flail.
* * * LOW HITPOINT WARNING * * *
An orc and an orc wizard come into view.
A worker ant and an orc priest come into view.
The worker ant twitches its antennae in your direction.
The orc hits you with a flail.
* * * LOW HITPOINT WARNING * * *
You open the door.
The orc wizard gestures wildly while chanting.
The orc wizard flickers and vanishes!
The orc hits you but does no damage.
Found a short wooden wand.
An adder, an orc priest and an orc wizard come into view.
The orc shouts!
The orc priest shouts!
You hear a shout!
There is an open door here.
A hound comes into view.
A magic dart appears from out of thin air!
The magic dart hits you!
You die...

█.██████
█......█████████
█....h..'....o.█
█.......█......█
█.......█......█
█......██.....██
█...o.██....<.█
█..@..██......██████
██./..o██.....██....█
█....o.'oo..........$
█......█{...........█
+......█.a..........█
██.....██o..████....█
█.....██...█ ...?█
█......█...........(
█......█.......?...█


You could see a hound, a worker ant, an orc priest, an orc wizard and 3 orcs.

Vanquished Creatures
  2 worker ants (D:4)
  A howler monkey skeleton (D:4)
  7 adders
  An ooze (D:1)
  3 dart slugs
  3 leopard geckos
  5 orcs (D:3)
  5 giant cockroaches
  7 goblins
  7 hobgoblins
  7 jackals
  5 kobolds
  4 ball pythons (D:1)
  3 bats
  4 frilled lizards
  10 rats
74 creatures vanquished.

Vanquished Creatures (others)
  An orc priest (D:4)
1 creature vanquished.

Grand Total: 75 creatures vanquished

Notes
Turn   | Place    | Note
-------+----------+-------------------------------------------
     0 | D:1      | nht the Halfling Monk began the quest for the Orb.
     0 | D:1      | Reached XP level 1. HP: 15/15 MP: 1/1
   481 | D:1      | Reached skill level 4 in Short Blades
   523 | D:1      | Reached XP level 2. HP: 20/20 MP: 2/2
   731 | D:1      | Reached XP level 3. HP: 24/25 MP: 3/3
   778 | D:1      | Reached skill level 5 in Short Blades
  1209 | D:2      | Found a snail-covered altar of Cheibriados.
  1228 | D:2      | Reached XP level 4. HP: 28/30 MP: 4/4
  1409 | D:2      | Found a blossoming altar of Fedhas.
  1458 | D:2      | Reached skill level 1 in Shields
  2064 | D:3      | Reached XP level 5. HP: 34/35 MP: 5/5
  2097 | D:3      | Reached skill level 6 in Short Blades
  3037 | D:4      | Found a white marble altar of Elyvilon.
  3124 | D:4      | Reached XP level 6. HP: 39/41 MP: 6/6
  3158 | D:5      | Entered Level 5 of the Dungeon
  3178 | D:5      | Killed from afar by an orc wizard

Vault maps used:
D:1:      dpeg_arrival_simpleton_b, minmay_shallow_snake_nest
D:2:      kennysheep_slug_shrine, fedhas_altar_fruit_tree
D:3:      minivault_25
D:4:      elyvilon_altar_4, uniq_menkaure, uniq_eustachio
D:5:      minmay_temple_entry_statues_fountains, first_ration

Skill      XL: |  1  2  3  4  5 |
---------------+----------------+-----
Short Blades   | 4 5 6 |  6.6
Shields        | 1 3 |  3.1
Fighting       | |  2.6
Dodging        | |  3.2
Stealth        | |  2.1

Action                   |  1- 3 |  4- 6 || total
-------------------------+-------+-------++-------
Melee: Short sword       |   104 |   210 ||   314
Evoke: Wand              |       |    10 ||    10
  Use: Potion            |       |     5 ||     5
       Scroll            |       |     1 ||     1
 Stab: Sleeping          |     7 |     6 ||    13
  Eat: Chunk             |     1 |     6 ||     7
Armor: Robe              |    13 |    17 ||    30
Dodge: Dodged            |    83 |   107 ||   190
Block: Buckler           |       |    45 ||    45

Table legend:
 A = Non-vault XP
 B = Vault XP
 C = Vault XP percentage of total XP
 D = Non-vault monster count
 E = Vault monster count
 F = Vault count percentage of total count
                 A         B        C        D         E       F
            +---------+---------+-------+---------+---------+-------
      Total |     293 |      10 |   3.3 |      69 |       5 |   6.8
            +---------+---------+-------+---------+---------+-------
        D:1 |      30 |       6 |  16.7 |      15 |       4 |  21.1
        D:2 |      82 |       4 |   4.7 |      27 |       1 |   3.6
        D:3 |      64 |       0 |   0.0 |      19 |       0 |   0.0
        D:4 |     117 |       0 |   0.0 |       8 |       0 |   0.0
            +---------+---------+-------+---------+---------+-------
